AoeStats
← Mydonos

Arabia

510152828Analyzed
3v3 RM · 2d ago on Sep 29, 2026· 57m 28s· 6 players
Game mode
Random Map
Map size
Normal (6 player)
Population
200
Speed
Normal
Resources
Standard
Victory
Conquest
Starting age
Dark Age
Ending age
Imperial Age
RankedLock teamsTeams togetherTeam positionsShared explorationLock speedFull tech treeHidden civsTurbo modeCheats
Victory
Defeat
🇬🇧 Mongols · United Kingdom
747
+8
🇦🇹 Sicilians · Austria
709
+9
🇹🇷 Britons · Türkiye
670
+11
🇹🇷 Saracens · Türkiye
627
-12
🇹🇷 Vietnamese · Türkiye
521
-8
🇹🇷 Teutons · Türkiye
502
-8
Mydonos
10:21 Feudal Age
11:20 Double-Bit Axe
11:27 Horse Collar
23:20 Castle Age
23:23 Stone Mining
23:37 Crossbowman
24:14 Fletching
26:02 Padded Archer Armor
25:57 Bodkin Arrow
26:31 Gold Mining
28:29 Bow Saw
29:44 Loom
31:05 Gold Shaft Mining
32:12 Wheelbarrow
33:06 Leather Archer Armor
38:51 Imperial Age
36:30 Heavy Plow
37:58 Yeomen
40:06 Ballistics
40:48 Chemistry
39:52 Elite Longbowman
41:29 Bodkin Arrow
43:10 Ring Archer Armor
42:44 Bracer
44:05 Conscription
44:41 Hand Cart
44:17 Town Watch
Vienna420
0:37 Loom
12:08 Feudal Age
19:54 Wheelbarrow
23:51 Castle Age
21:51 Horse Collar
22:01 Double-Bit Axe
35:23 Imperial Age
33:05 Heavy Plow
33:26 Bow Saw
34:02 Stone Mining
35:24 Hand Cart
34:54 Town Watch
37:06 Crop Rotation
38:53 Elite Serjeant
40:22 Scale Mail Armor
42:18 Conscription
43:58 Gold Mining
44:43 Stone Shaft Mining
45:08 Forging
45:14 Chain Mail Armor
45:15 Capped Ram
47:52 First Crusade
49:14 Gold Shaft Mining
49:19 Iron Casting
52:00 Plate Mail Armor
52:31 Blast Furnace
officialtanzeel
8:42 Loom
10:30 Feudal Age
11:45 Double-Bit Axe
12:14 Horse Collar
16:19 Bloodlines
17:50 Forging
24:31 Castle Age
27:03 Wheelbarrow
26:14 Town Watch
28:20 Bow Saw
28:11 Heavy Plow
28:04 Stone Mining
28:05 Gold Mining
28:23 Husbandry
28:31 Scale Barding Armor
29:01 Iron Casting
30:59 Chain Barding Armor
31:24 Fletching
31:34 Padded Archer Armor
33:34 Bodkin Arrow
37:13 Hand Cart
36:59 Town Patrol
38:31 Leather Archer Armor
39:27 Nomads
46:19 Stone Shaft Mining
46:20 Gold Shaft Mining
46:13 Ballistics
45:49 Murder Holes
46:05 Masonry
48:30 Imperial Age
46:50 Light Cavalry
48:36 Elite Mangudai
49:52 Hoardings
49:38 Conscription
48:51 Hussar
51:16 Bracer
52:16 Blast Furnace
mandiranoy
0:28 Loom
12:20 Feudal Age
13:25 Double-Bit Axe
48:22 Castle Age
52:07 Husbandry
SmokedMyself
0:26 Loom
10:49 Feudal Age
11:15 Double-Bit Axe
18:31 Castle Age
23:22 Wheelbarrow
28:30 Hand Cart
28:30 Horse Collar
28:45 Gold Mining
28:45 Stone Mining
37:02 Forging
36:57 Scale Barding Armor
40:06 Imperial Age
37:44 Pikeman
40:17 Heavy Plow
40:30 Bow Saw
40:29 Caravan
42:08 Capped Ram
42:47 Elite Mameluke
43:56 Chain Barding Armor
44:13 Iron Casting
44:54 Gold Shaft Mining
51:01 Blast Furnace
50:36 Plate Barding Armor
50:03 Scale Mail Armor
49:32 Heavy Camel Rider
50:26 Siege Ram
53:09 Fletching
53:20 Padded Archer Armor
53:04 Elite Skirmisher
56:16 Onager
Adags
11:37 Feudal Age
13:41 Horse Collar
14:02 Double-Bit Axe
26:03 Castle Age
27:09 Pikeman
27:50 Squires
27:36 Arson
28:17 Fletching
28:28 Padded Archer Armor
31:09 Town Watch
31:51 Heavy Plow
32:18 Man-at-Arms
32:44 Gambesons
37:16 Stone Mining
37:32 Bodkin Arrow
37:52 Leather Archer Armor
38:43 Loom
39:38 Wheelbarrow
39:07 Town Patrol
39:24 Forging
39:15 Scale Mail Armor
39:32 Bow Saw
43:34 Imperial Age
40:34 Long Swordsman
40:40 Elite Skirmisher
43:01 Hand Cart
45:21 Chemistry
45:07 Ring Archer Armor
45:13 Iron Casting
44:54 Chain Mail Armor
45:44 Two-Man Saw
44:33 Elite Teutonic Knight
45:35 Crenellations
45:02 Cavalier
46:08 Conscription
46:16 Halberdier
46:16 Two-Handed Swordsman
47:10 Heated Shot
47:49 Gold Mining
48:40 Stone Shaft Mining
48:47 Crop Rotation
49:54 Imperial Skirmisher
Connection lost

Rejoining the realm…

Still unreachable

The connection could not be restored.

Session expired

The server has moved on; the page needs a fresh start.